 Dungeon Sprint DCSS version 0.25.1-2-g60ff931df9 (webtiles) character file.

Game seed: 14456317530008160313

8662 Cadaver the Black Belt (level 11, 0/82 HPs)
             Began as an Octopode Transmuter on Dec 6, 2020.
             Was the Champion of Sif Muna.
             Slain by a black mamba (15 damage)
             ... called by a spriggan druid
             ... in the Dungeon (Sprint VII: "The Pits").
             The game lasted 00:23:55 (5627 turns).

Cadaver the Black Belt (Octopode Transmuter)        Turns: 5627, Time: 00:23:55

Health: 0/82       AC:  1    Str:  9    XL:     11   Next: 34%
Magic:  24/25      EV: 18    Int: 19    God:    Sif Muna [******]
Gold:   18         SH:  0    Dex: 19    Spells: 14/30 levels left

rFire    + . .     SeeInvis .     - Unarmed
rCold    . . .     Gourm    .   (shield currently unavailable)
rNeg     . . .     Faith    .   (helmet restricted)
rPois    .         Spirit   .   (no amulet)
rElec    .         Reflect  .   b - +3 ring of dexterity
rCorr    .         Harm     .   r - +3 ring of dexterity
MR       .....     NoTele   +   C - ring of protection from fire
Stlth    ++++......             (no ring)
HPRegen  0.23/turn              (no ring)
MPRegen  0.19/turn              (no ring)
                                (no ring)
                                (no ring)

@: blade tentacles, very slightly contaminated, studying Polearms, lightly
drained
A: almost no armour, stealthy swim, amphibious, 8 rings, constrict 8, camouflage
1, gelatinous body 1
a: End Transformation, Channel Magic, Forget Spell, Divine Exegesis, Renounce
Religion


You were in the Dungeon.
You worshipped Sif Muna.
Sif Muna was exalted by your worship.
You were hungry.
You had blades for tentacles.
You visited 1 branch You collected 18 gold pieces.

Inventory:

Hand Weapons
 q - a +2 quarterstaff of protection
 u - the +2 halberd of the Abyss {vamp, Str+2}
   (You found it in the Dungeon)

   It inflicts no extra harm, but heals its wielder when it wounds a living foe.
   It affects your strength (+2).
 v - a +0 lajatang
Missiles
 a - 26 arrows
 o - 9 stones (quivered)
Magical Staves
 p - an uncursed staff of energy
Jewellery
 b - a +3 ring of dexterity (left scythe-like blade)
 r - a +3 ring of dexterity (right scythe-like blade)
 A - an uncursed ring of ice
 B - an uncursed ring of fire
 C - a ring of protection from fire (on tentacle)
Scrolls
 k - 7 scrolls of remove curse
 l - 5 scrolls of amnesia
 m - a scroll of summoning
 n - 2 scrolls of vulnerability
 x - 2 scrolls of identify
 y - 2 scrolls of fear
Potions
 d - 8 potions of curing
 e - 9 potions of heal wounds
 f - 2 potions of haste
 g - 4 potions of magic
 h - 2 potions of berserk rage
 j - 2 potions of invisibility
 s - 2 potions of might
 t - a potion of resistance
Books
 z - a manual of Polearms
Comestibles
 c - 10 rations


   Skills:
 * Level 10.4(10.1) Fighting
 - Level 0.3(0.0) Throwing
 + Level 7.3(7.0) Dodging
 + Level 6.3(6.0) Stealth
 * Level 16.8(16.4) Unarmed Combat
 * Level 10.0(9.7) Spellcasting
 * Level 11.6(11.3) Transmutations
 + Level 6.7(6.4) Poison Magic


You had 14 spell levels left.
You knew the following spells:

 Your Spells              Type           Power        Failure   Level  Hunger
a - Beastly Appendage     Tmut           ######       6%          1    None
b - Sticks to Snakes      Tmut           ######..     7%          2    None
c - Spider Form           Tmut/Pois      #####.....   13%         3    None
d - Blade Hands           Tmut           ######....   21%         5    #####..
e - Blink                 Tloc           N/A          50%         2    None
f - Ignite Poison         Fire/Tmut/Pois ####....     21%         3    None

Your spell library contained the following spells:

 Spells                   Type           Power        Failure   Level  Hunger
 Alistair's Intoxication  Tmut/Pois      #####...     34%         5    #####..
 Ice Form                 Ice/Tmut       ####....     41%         4    ###....
 Petrify                  Tmut/Erth      ####....     41%         4    ###....
 Ensorcelled Hibernation  Hex/Ice        #.....       50%         2    None
 Shroud of Golubria       Chrm/Tloc      #.....       50%         2    None
 Sublimation of Blood     Necr           #.........   50%         2    None
 Confusing Touch          Hex            #.......     65%         3    None
 Conjure Flame            Conj/Fire      #.......     65%         3    None
 Dazzling Flash           Conj/Hex       #.....       65%         3    None
 Gell's Gravitas          Tloc           #.........   65%         3    None
 Irradiate                Conj/Tmut      ####......   65%         5    #####..
 Yara's Violent Unravell  Hex/Tmut       ####......   65%         5    #####..
 Eringya's Noxious Bog    Tmut/Pois      #####.....   73%         6    ######.
 Airstrike                Air            #.........   91%         4    ###....
 Cause Fear               Hex            #.........   91%         4    ###....
 Fulminant Prism          Conj/Hex       #.........   91%         4    ###....
 Hailstorm                Conj/Ice       #.......     91%         4    ###....
 Passage of Golubria      Tloc           N/A          91%         4    ###....
 Sticky Flame             Conj/Fire      #.......     91%         4    ###....
 Summon Ice Beast         Ice/Summ       #.......     91%         4    ###....
 Bolt of Magma            Conj/Fire/Erth #.........   99%         5    #####..
 Lightning Bolt           Conj/Air       #.........   99%         5    #####..
 Metabolic Englaciation   Hex/Ice        #.........   99%         5    #####..
 Summon Demon             Summ           #.........   99%         5    #####..
 Summon Forest            Summ/Tloc      #.........   99%         5    #####..
 Ozocubu's Refrigeration  Ice            #.........   100%        6    ######.
 Summon Greater Demon     Summ           #.........   100%        7    #######
 Disjunction              Tloc           #.........   100%        8    #######
 Necromutation            Tmut/Necr      ####......   100%        8    #######
 Absolute Zero            Ice            #.........   100%        9    #######
 Tornado                  Air            #.........   100%        9    #######


Dungeon Overview and Level Annotations

Branches:
Dungeon (1/1)

Altars:
Ashenzari
Cheibriados
Dithmenos
Elyvilon
Fedhas
Gozag
Hepliaklqana
Kikubaaqudgha
Makhleb
Nemelex Xobeh
Okawaru
Qazlal
Ru
Sif Muna
Trog
Uskayaw
Vehumet
Wu Jian
Xom
Yredelemnul
Zin
The Shining One
Beogh
Jiyva
Lugonu


Innate Abilities, Weirdness & Mutations

You cannot wear most types of armour.
You are very stealthy in the water. (Stealth+)
You are amphibious.
You can wear up to eight rings at the same time.
You can use your tentacles to constrict eight enemies at once.
Your skin changes colour to match your surroundings (Stealth+).
Your rubbery body absorbs attacks. (AC +1, EV +1)


Message History

As you read the scroll of blinking, it crumbles to dust.
A black mamba and a dire elephant come into view.
The black mamba hisses angrily.
The black mamba closely misses you.
Unknown command.
Blink to where?
Press: ? - help, Dir - move target cursor
As you read the scroll of blinking, it crumbles to dust.
There is a huge open gate to the Grid Vault (Hard) here.
The black mamba barely misses you.
There is a huge open gate to the Grid Vault (Hard) here.
The black mamba barely misses you. The black mamba bites you!
The black mamba completely misses you. The black mamba closely misses you.
The black mamba bites you!
* * * LOW HITPOINT WARNING * * *
The black mamba closely misses you. The black mamba bites you!
You die...

#..###############
############.................
_________.##.................
_________.###########''######
_______...###########''######
##########'##................#
#....')))'.##......#..#......#
##########.##................+
#.......)...'@S.Y............+
#'#####'#####).....#).#......#
#.#.....#[[##................#
#.#.....#))#####'#####''######
#.###'###))##.......##''# ###
#.#.....#.)##.......##.)# #..
#.#.....#..##.......##..# #..#
#.####'##'###...<...##.[##..##
#.#รท.......##.......##..##.##.


You could see a dire elephant and a black mamba.

Vanquished Creatures
  A minotaur (D)
  A two-headed ogre (D)
  A fire crab (D)
  A spiny frog (D)
  A gargoyle (D)
  A hellwing (D)
  2 tyrant leeches (D)
  A polar bear (D)
  A wind drake (D)
  A jumping spider (D)
  A hornet (D)
  7 dream sheep (D)
  A redback (D)
  A spriggan (D)
  A wraith (D)
  A wyvern (D)
  3 fire bats (D)
  2 hungry ghosts (D)
  4 vampire mosquitoes (D)
  A soldier ant (D)
  An acid dragon (D)
  A floating eye (D)
  An ice beast (D)
  A sky beast (D)
  An eye of draining (D)
  2 phantoms (D)
  2 wolves (D)
  2 bullfrogs (D)
  A small abomination (D)
  2 orc priests (D)
  An iguana (D)
  A hell rat (D)
  A worker ant (D)
  A mummy (D)
  3 adders (D)
  3 river rats (D)
  A white imp (D)
  An ooze (D)
  A worm (D)
  2 orcs (D)
  A goblin (D)
  2 hobgoblins (D)
  3 jackals (D)
  A frilled lizard (D)
  A giant cockroach zombie (D)
  A rat (D)
71 creatures vanquished.

Vanquished Creatures (collateral kills)
  A deep elf mage (D)
1 creature vanquished.

Grand Total: 72 creatures vanquished

Notes
Turn   | Place    | Note
-------+----------+-------------------------------------------
     0 | D        | Cadaver the Octopode Transmuter began the quest for the
                  | Orb.
     0 | D        | Reached XP level 1. HP: 13/13 MP: 3/3
    13 | D        | Reached XP level 2. HP: 19/19 MP: 3/5
    43 | D        | Found a glowing golden altar of the Shining One.
    43 | D        | Found a glowing silver altar of Zin.
    43 | D        | Found a basalt altar of Yredelemnul.
    43 | D        | Found a shimmering altar of Xom.
    43 | D        | Found an ornate altar of the Wu Jian Council.
    43 | D        | Found a bloodstained altar of Trog.
    43 | D        | Found a shimmering blue altar of Sif Muna.
    43 | D        | Found a sacrificial altar of Ru.
    43 | D        | Found a stormy altar of Qazlal.
    43 | D        | Found an iron altar of Okawaru.
    43 | D        | Found a sparkling altar of Nemelex Xobeh.
    43 | D        | Found a burning altar of Makhleb.
    43 | D        | Found a viscous altar of Jiyva.
    43 | D        | Found a hazy altar of Hepliaklqana.
    43 | D        | Found an opulent altar of Gozag.
    43 | D        | Found a blossoming altar of Fedhas.
    43 | D        | Found a white marble altar of Elyvilon.
    43 | D        | Found a shadowy altar of Dithmenos.
    43 | D        | Found a snail-covered altar of Cheibriados.
    44 | D        | Found a radiant altar of Vehumet.
    44 | D        | Found a corrupted altar of Lugonu.
    44 | D        | Found a roughly hewn altar of Beogh.
    45 | D        | Found an ancient bone altar of Kikubaaqudgha.
    45 | D        | Found a hide-covered altar of Uskayaw.
    45 | D        | Found a shattered altar of Ashenzari.
    46 | D        | Became a worshipper of Sif Muna the Loreminder
    64 | D        | Reached * piety under Sif Muna
   188 | D        | Learned a level 2 spell: Sticks to Snakes
   191 | D        | Noticed a floating eye
   207 | D        | Killed a floating eye
   207 | D        | Reached skill level 1 in Stealth
   207 | D        | Reached skill level 6 in Unarmed Combat
   207 | D        | Reached XP level 3. HP: 27/27 MP: 4/8
   207 | D        | Reached XP level 4. HP: 33/33 MP: 5/10
   207 | D        | Reached XP level 5. HP: 37/37 MP: 5/11
   255 | D        | Reached ** piety under Sif Muna
   271 | D        | Learned a level 3 spell: Spider Form
   313 | D        | Noticed an ice beast
   335 | D        | Killed an ice beast
   335 | D        | Reached skill level 7 in Unarmed Combat
   335 | D        | Reached skill level 5 in Spellcasting
   335 | D        | Reached skill level 5 in Transmutations
   335 | D        | Reached XP level 6. HP: 33/45 MP: 10/13
   362 | D        | Learned a level 5 spell: Blade Hands
   491 | D        | Reached *** piety under Sif Muna
   582 | D        | Reached skill level 5 in Fighting
   582 | D        | Reached skill level 8 in Unarmed Combat
   827 | D        | Reached **** piety under Sif Muna
   827 | D        | Reached skill level 1 in Poison Magic
   846 | D        | Noticed a hungry ghost
   869 | D        | Killed a hungry ghost
   869 | D        | Reached skill level 9 in Unarmed Combat
   869 | D        | Reached XP level 7. HP: 33/51 MP: 15/15
  1000 | D        | Reached ***** piety under Sif Muna
  1029 | D        | Noticed a fire bat
  1038 | D        | Killed a fire bat
  1038 | D        | Reached skill level 5 in Stealth
  1038 | D        | Reached skill level 10 in Unarmed Combat
  1043 | D        | Identified Sif Muna's Tome of Confrontation (Sif Muna
                  | gifted it to you in the Dungeon)
  1043 | D        | Received a gift from Sif Muna
  1375 | D        | Noticed a jumping spider
  1420 | D        | Reached XP level 8. HP: 29/58 MP: 13/17
  1657 | D        | Killed a jumping spider
  1657 | D        | Reached skill level 11 in Unarmed Combat
  1707 | D        | Got the +2 halberd of the Abyss {vamp, Str+2}
  1976 | D        | Reached skill level 5 in Dodging
  1982 | D        | Received a gift from Sif Muna
  2023 | D        | Noticed a dream sheep
  2023 | D        | Noticed a dream sheep
  2023 | D        | Noticed a dream sheep
  2023 | D        | Noticed a dream sheep
  2023 | D        | Noticed a dream sheep
  2023 | D        | Noticed a dream sheep
  2023 | D        | Noticed a dream sheep
  2023 | D        | Noticed a hornet
  2023 | D        | Noticed a wyvern
  2057 | D        | Killed a wyvern
  2065 | D        | Killed a dream sheep
  2065 | D        | Reached skill level 12 in Unarmed Combat
  2267 | D        | Noticed a gargoyle
  2316 | D        | Killed a gargoyle
  2316 | D        | Reached skill level 5 in Poison Magic
  2316 | D        | Reached XP level 9. HP: 34/64 MP: 17/19
  2630 | D        | HP: 1/66 [dream sheep (11)]
  2631 | D        | Identified Bukeelec's Almanac of the Compass (Sif Muna
                  | gifted it to you in the Dungeon)
  2631 | D        | Received a gift from Sif Muna
  2631 | D        | Reached skill level 13 in Unarmed Combat
  2658 | D        | Learned a level 2 spell: Blink
  2829 | D        | Noticed a spiny frog
  2834 | D        | Noticed a tyrant leech
  2840 | D        | Killed a spiny frog
  2840 | D        | Reached skill level 14 in Unarmed Combat
  2860 | D        | Killed a tyrant leech
  2860 | D        | Reached XP level 10. HP: 73/73 MP: 17/22
  2936 | D        | Received a gift from Sif Muna
  2936 | D        | Reached skill level 10 in Transmutations
  2952 | D        | Learned a level 3 spell: Ignite Poison
  3245 | D        | Reached ****** piety under Sif Muna
  3245 | D        | Reached skill level 15 in Unarmed Combat
  3529 | D        | Identified Volukkod's Papyrus of Fetching Flight (Sif Muna
                  | gifted it to you in the Dungeon)
  3529 | D        | Received a gift from Sif Muna
  4010 | D        | Noticed a fire crab
  4023 | D        | Killed a fire crab
  4374 | D        | Identified Sif Muna's Guide on Summoning and Arcane Weapons
                  | (Sif Muna gifted it to you in the Dungeon)
  4374 | D        | Received a gift from Sif Muna
  4374 | D        | Reached skill level 16 in Unarmed Combat
  4442 | D        | Noticed a deep elf mage
  4554 | D        | Reached XP level 11. HP: 81/81 MP: 19/24
  4618 | D        | Killed a deep elf mage
  4618 | D        | Reached skill level 10 in Fighting
  4924 | D        | Noticed a minotaur
  4940 | D        | Killed a minotaur
  4940 | D        | Identified Sif Muna's Reference Book on Glacial
                  | Transformation (Sif Muna gifted it to you in the Dungeon)
  4940 | D        | Received a gift from Sif Muna
  5057 | D        | Noticed a two-headed ogre
  5225 | D        | Killed a two-headed ogre
  5225 | D        | Reached skill level 10 in Spellcasting
  5601 | D        | Noticed a wolf spider
  5604 | D        | Noticed a profane servitor
  5606 | D        | Noticed a spriggan druid
  5608 | D        | Noticed a dire elephant
  5627 | D        | Slain by a black mamba

Illustrated notes

Levels and vault maps discovered:
D:        pitsprint [storerooms_1, entrance_room_1, metal_vault_3, armoury_1,
          mini_pit_1, grid_room_1, main_hall_1, silver_pit, the_coven_3,
          the_vestibule_1, steel_vault_5, golden_pit, hallway_of_sentries,
          crystal_vault_1, iron_vault_2, final_vault]

Skill      XL: |  1  2  3  4  5  6  7  8  9 10 11 |
---------------+----------------------------------+-----
Transmutations | 4 5 6 7 8 9 11 | 11.6
Fighting       | 3 4 5 6 7 8 9 10 | 10.4
Dodging        | 3 4 5 6 7 |  7.3
Stealth        | 1 2 4 5 6 |  6.3
Unarmed Combat | 6 7 9 10 12 14 16 | 16.8
Spellcasting   | 4 5 6 7 8 9 10 | 10.0
Poison Magic   | 2 4 5 6 |  6.7
Throwing       | |  0.3

Action                   |  1- 3 |  4- 6 |  7- 9 | 10-12 || total
-------------------------+-------+-------+-------+-------++-------
Melee: Unarmed           |    16 |    52 |   104 |   127 ||   299
       Tentacles         |     3 |     5 |    10 |     7 ||    25
       Constrict         |     3 |     6 |     9 |     3 ||    21
       Kick              |       |    12 |    14 |     7 ||    33
       Punch             |       |     4 |     3 |     2 ||     9
Throw: Stone             |     1 |     3 |     6 |     5 ||    15
 Cast: Beastly Appendage |     2 |     6 |    10 |     4 ||    22
       Spider Form       |       |       |     7 |    13 ||    20
       Blade Hands       |       |       |       |     5 ||     5
       Sticks to Snakes  |       |       |       |     3 ||     3
  Use: Potion            |       |     3 |     3 |     5 ||    11
       Scroll            |       |       |       |     2 ||     2
 Stab: Sleeping          |     1 |     2 |     1 |     1 ||     5
       Distracted        |       |       |       |     1 ||     1
  Eat: Chunk             |       |     1 |     8 |     6 ||    15
       Ration            |       |       |       |     1 ||     1
Armor: Skin              |       |     1 |     5 |     1 ||     7
Dodge: Dodged            |     8 |    33 |    67 |    99 ||   207
